[ AOE2 MATCH · #480057616 ]
UnrankedTeutons vs Britons
[ REPLAY ANALYSIS · EXTRACTED FROM THE RECORDED GAME ]
Feudal
18:39
Castle
32:26
Imperial
—
| APM avg | 36.2 |
| APM peak | 101 |
| eAPM avg | 15.7 |
| Villagers / military | 54 / 26 |
Focus
⚔️ 33.0% · 🌾 67.0%
Spearman ×18 · Knight ×5 · Militia ×3 · Trade Cart ×3
Feudal
—
Castle
—
Imperial
—
| APM avg | 5.6 |
| APM peak | 21 |
| eAPM avg | 4.4 |
| Villagers / military | 31 / 23 |
Focus
⚔️ 23.9% · 🌾 76.1%
Knight ×12 · Scout Cavalry ×10 · Trade Cart ×3 · Militia ×1
Feudal
—
Castle
—
Imperial
—
| APM avg | 13.6 |
| APM peak | 40 |
| eAPM avg | 7.6 |
| Villagers / military | 49 / 28 |
Focus
⚔️ 24.0% · 🌾 76.0%
Cavalry Archer ×14 · Scout Cavalry ×13 · Spearman ×1
Feudal
—
Castle
—
Imperial
—
| APM avg | 9.8 |
| APM peak | 59 |
| eAPM avg | 2.8 |
| Villagers / military | 26 / 0 |
Focus
⚔️ 6.0% · 🌾 94.0%
Feudal
19:19
Castle
24:32
Imperial
—
| APM avg | 32.4 |
| APM peak | 117 |
| eAPM avg | 10.7 |
| Villagers / military | 57 / 2 |
Focus
⚔️ 7.7% · 🌾 92.3%
Knight ×2
Feudal
—
Castle
—
Imperial
—
| APM avg | 23.0 |
| APM peak | 91 |
| eAPM avg | 7.3 |
| Villagers / military | 21 / 18 |
Focus
⚔️ 30.9% · 🌾 69.1%
Spearman ×8 · Militia ×5 · Scout Cavalry ×5
Match map
Initial resources + every placement click. Lines = walls · curves = elevation contours. ◆ gold · ⬟ stone · ● berries · ✦ relic · ◌ wall gap
Your base· Open — unwalled flank
JuanMMD2007's base· Open — unwalled flank
superflas007z's base· Open — 4t gap
Guanero239691's base· Open — unwalled flank
Genjuro98's base· Open — 8t gap
Elvegetal777852's base· Open — unwalled flank
Smoothed initial terrain · ◌ = detected wall gap · hover for details
Inputs per minute
— Twixxo - - JuanMMD2007
Build order — Twixxo
First 150 of 155 actions detected
| 2:08 | Build | Town Center |
| 3:09 | Build | House |
| 4:05 | Create | Villager (Male) |
| 4:06 | Create | Villager (Male) |
| 4:06 | Create | Villager (Male) |
| 4:06 | Create | Villager (Male) |
| 4:10 | Build | House |
| 4:27 | Build | House |
| 5:39 | Create | Villager (Male) |
| 6:03 | Build | House |
| 6:04 | Build | House |
| 6:07 | Create | Villager (Male) |
| 6:29 | Create | Villager (Male) |
| 6:43 | Create | Villager (Male) |
| 7:14 | Create | Villager (Male) |
| 7:18 | Create | Villager (Male) |
| 7:58 | Create | Villager (Male) |
| 8:04 | Create | Villager (Male) |
| 8:44 | Research | Loom |
| 8:44 | Create | Villager (Male) |
| 8:55 | Create | Villager (Male) |
| 9:05 | Create | Villager (Male) |
| 10:36 | Create | Villager (Male) |
| 10:50 | Create | Villager (Male) |
| 10:52 | Create | Villager (Male) |
| 11:15 | Create | Villager (Male) |
| 11:32 | Create | Villager (Male) |
| 11:48 | Create | Villager (Male) |
| 12:10 | Build | House |
| 12:14 | Create | Villager (Male) |
| 12:52 | Create | Villager (Male) |
| 13:20 | Create | Villager (Male) |
| 14:01 | Build | Mining Camp |
| 14:23 | Build | Barracks |
| 14:27 | Build | Outpost |
| 14:29 | Create | Villager (Male) |
| 14:35 | Create | Villager (Male) |
| 14:59 | Create | Militia |
| 15:20 | Build | House |
| 15:20 | Build | House |
| 16:18 | Build | Mill |
| 16:29 | Research | Feudal Age |
| 16:53 | Build | House |
| 17:37 | Create | Militia |
| 17:44 | Build | Lumber Camp |
| 17:48 | Create | Villager (Male) |
| 18:19 | Create | Militia |
| 18:39 | Age | Feudal Age |
| 18:47 | Create | Villager (Male) |
| 18:49 | Research | Wheelbarrow |
| 18:56 | Build | Farm |
| 19:12 | Build | Farm |
| 19:14 | Build | Farm |
| 19:50 | Build | Watch Tower |
| 19:56 | Create | Spearman |
| 20:12 | Build | Farm |
| 20:17 | Build | Watch Tower |
| 20:19 | Create | Villager (Male) |
| 20:23 | Build | Farm |
| 20:38 | Build | Archery Range |
| 21:07 | Create | Spearman |
| 21:46 | Create | Spearman |
| 22:04 | Create | Spearman |
| 22:16 | Create | Villager (Male) |
| 22:17 | Create | Spearman |
| 22:32 | Create | Villager (Male) |
| 22:48 | Create | Villager (Male) |
| 22:56 | Build | Farm |
| 22:59 | Build | Farm |
| 23:01 | Build | Farm |
| 23:04 | Build | Farm |
| 23:14 | Build | House |
| 23:14 | Build | House |
| 23:16 | Create | Spearman |
| 23:21 | Create | Villager (Male) |
| 23:28 | Research | Horse Collar |
| 23:36 | Build | Stone Wall |
| 23:49 | Build | Gate |
| 23:53 | Build | Stone Wall |
| 23:57 | Build | Gate |
| 23:59 | Build | Stone Wall |
| 23:59 | Build | Stone Wall |
| 24:01 | Create | Villager (Male) |
| 24:02 | Research | Double-Bit Axe |
| 24:06 | Create | Villager (Male) |
| 24:24 | Create | Spearman |
| 24:30 | Build | Gate |
| 24:31 | Build | Stone Wall |
| 24:33 | Create | Spearman |
| 24:34 | Create | Villager (Male) |
| 24:38 | Build | Market |
| 25:11 | Create | Spearman |
| 25:13 | Create | Villager (Male) |
| 25:25 | Build | House |
| 25:29 | Create | Villager (Male) |
| 25:47 | Build | Blacksmith |
| 25:52 | Create | Spearman |
| 25:55 | Build | House |
| 25:57 | Create | Villager (Male) |
| 25:59 | Create | Villager (Male) |
| 26:33 | Build | Farm |
| 26:35 | Build | Farm |
| 26:44 | Build | Stone Wall |
| 26:51 | Research | Arson |
| 26:57 | Create | Villager (Male) |
| 27:00 | Build | Farm |
| 27:04 | Build | Farm |
| 27:23 | Create | Villager (Male) |
| 27:26 | Research | Forging |
| 27:52 | Create | Spearman |
| 28:11 | Build | Stone Wall |
| 28:14 | Build | Stone Wall |
| 28:28 | Build | Farm |
| 28:59 | Create | Trade Cart |
| 29:01 | Create | Villager (Male) |
| 29:20 | Build | Stone Wall |
| 29:33 | Build | Gate |
| 29:46 | Research | Castle Age |
| 29:55 | Create | Trade Cart |
| 30:12 | Build | Stone Wall |
| 30:16 | Create | Spearman |
| 30:20 | Research | Scale Mail Armor |
| 30:26 | Build | Stable |
| 30:33 | Create | Spearman |
| 30:37 | Create | Villager (Male) |
| 31:06 | Build | Gate |
| 31:26 | Create | Trade Cart |
| 31:30 | Build | Barracks |
| 31:32 | Research | Bloodlines |
| 31:34 | Create | Spearman |
| 31:43 | Create | Villager (Male) |
| 32:05 | Create | Villager (Male) |
| 32:20 | Build | Stone Wall |
| 32:25 | Create | Villager (Male) |
| 32:26 | Age | Castle Age |
| 32:46 | Create | Spearman |
| 32:47 | Create | Spearman |
| 32:47 | Create | Spearman |
| 32:47 | Create | Spearman |
| 32:48 | Create | Knight ×5 |
| 32:55 | Create | Villager (Male) |
| 33:11 | Build | Castle |
| 33:22 | Build | Mining Camp |
| 33:32 | Create | Villager (Male) |
| 33:32 | Create | Villager (Male) |
| 33:59 | Build | Stone Wall |
| 34:02 | Research | Squires |
| 34:03 | Research | Pikeman (upgrade) |
| 34:04 | Create | Villager (Male) |
| 34:15 | Build | Town Center |
Build order — JuanMMD2007
100 actions detected in the replay
| 2:25 | Build | Town Center |
| 4:45 | Create | Villager (Male) |
| 4:45 | Create | Villager (Male) |
| 4:46 | Create | Villager (Male) |
| 4:46 | Create | Villager (Male) |
| 5:56 | Build | House |
| 5:58 | Build | House |
| 6:01 | Build | House |
| 8:06 | Build | Lumber Camp |
| 8:30 | Create | Villager (Male) |
| 8:30 | Create | Villager (Male) |
| 8:30 | Create | Villager (Male) |
| 8:42 | Create | Villager (Male) |
| 10:05 | Create | Villager (Male) |
| 10:05 | Create | Villager (Male) |
| 10:05 | Create | Villager (Male) |
| 10:06 | Create | Villager (Male) |
| 10:06 | Create | Villager (Male) |
| 12:40 | Build | Mill |
| 14:51 | Research | Feudal Age |
| 17:05 | Create | Villager (Male) |
| 17:06 | Create | Villager (Male) |
| 17:06 | Create | Villager (Male) |
| 17:20 | Build | Farm |
| 17:23 | Build | Farm |
| 17:25 | Build | Farm |
| 17:28 | Build | Farm |
| 17:31 | Build | Farm |
| 17:35 | Build | Farm |
| 17:37 | Build | Farm |
| 18:04 | Research | Horse Collar |
| 18:55 | Build | Mining Camp |
| 19:37 | Create | Villager (Male) |
| 19:38 | Create | Villager (Male) |
| 19:38 | Create | Villager (Male) |
| 19:39 | Create | Villager (Male) |
| 20:43 | Build | Market |
| 21:01 | Build | Barracks |
| 21:55 | Build | Farm |
| 22:04 | Build | Farm |
| 22:10 | Create | Trade Cart |
| 22:10 | Create | Trade Cart |
| 22:18 | Create | Militia |
| 22:29 | Build | House |
| 22:31 | Build | House |
| 22:33 | Build | House |
| 22:34 | Build | House |
| 22:35 | Build | House |
| 23:29 | Research | Wheelbarrow |
| 24:19 | Create | Villager (Male) |
| 24:19 | Create | Villager (Male) |
| 24:20 | Create | Villager (Male) |
| 24:50 | Build | Stable |
| 26:24 | Build | Lumber Camp |
| 26:31 | Create | Scout Cavalry |
| 26:32 | Create | Scout Cavalry |
| 26:32 | Create | Scout Cavalry |
| 26:32 | Create | Scout Cavalry |
| 26:33 | Create | Scout Cavalry |
| 26:33 | Create | Scout Cavalry |
| 26:33 | Create | Scout Cavalry |
| 26:34 | Create | Scout Cavalry |
| 26:34 | Create | Scout Cavalry |
| 26:34 | Create | Scout Cavalry |
| 26:58 | Build | House |
| 27:00 | Build | House |
| 27:03 | Build | House |
| 27:04 | Build | House |
| 27:58 | Create | Trade Cart |
| 28:30 | Create | Villager (Male) |
| 28:30 | Create | Villager (Male) |
| 28:30 | Create | Villager (Male) |
| 29:19 | Research | Castle Age |
| 29:35 | Build | Farm |
| 29:49 | Build | Blacksmith |
| 29:53 | Research | Double-Bit Axe |
| 30:04 | Build | Farm |
| 30:47 | Build | House |
| 30:48 | Build | House |
| 30:49 | Build | House |
| 30:51 | Build | House |
| 30:56 | Build | House |
| 32:54 | Create | Knight |
| 32:54 | Create | Knight |
| 32:55 | Create | Knight |
| 32:55 | Create | Knight |
| 32:55 | Create | Knight |
| 32:55 | Create | Knight |
| 32:56 | Create | Knight |
| 32:56 | Create | Knight |
| 32:57 | Create | Knight |
| 32:57 | Create | Knight |
| 32:57 | Create | Knight |
| 32:58 | Create | Knight |
| 33:18 | Build | House |
| 33:44 | Create | Villager (Male) |
| 33:45 | Create | Villager (Male) |
| 33:45 | Create | Villager (Male) |
| 33:45 | Create | Villager (Male) |
| 33:46 | Create | Villager (Male) |
Build order — superflas007z
137 actions detected in the replay
| 0:24 | Build | Town Center |
| 2:23 | Build | House |
| 2:26 | Build | House |
| 2:41 | Create | Villager (Male) |
| 2:42 | Create | Villager (Male) |
| 2:42 | Create | Villager (Male) |
| 2:42 | Create | Villager (Male) |
| 3:54 | Create | Villager (Male) |
| 4:41 | Create | Villager (Male) |
| 4:42 | Create | Villager (Male) |
| 5:35 | Create | Villager (Male) |
| 5:36 | Create | Villager (Male) |
| 5:36 | Create | Villager (Male) |
| 5:36 | Create | Villager (Male) |
| 6:39 | Build | Mill |
| 7:26 | Build | House |
| 7:30 | Create | Villager (Male) |
| 7:31 | Create | Villager (Male) |
| 8:29 | Create | Villager (Male) |
| 8:30 | Create | Villager (Male) |
| 8:41 | Build | Lumber Camp |
| 9:19 | Create | Villager (Male) |
| 9:30 | Create | Villager (Male) |
| 9:31 | Create | Villager (Male) |
| 9:32 | Create | Villager (Male) |
| 9:33 | Create | Villager (Male) |
| 9:46 | Build | Mill |
| 10:31 | Research | Loom |
| 12:12 | Research | Feudal Age |
| 12:34 | Build | Barracks |
| 13:02 | Create | Villager (Male) |
| 13:03 | Create | Villager (Male) |
| 13:16 | Build | House |
| 14:21 | Build | House |
| 14:25 | Create | Spearman |
| 14:29 | Create | Villager (Male) |
| 15:15 | Build | Stable |
| 15:20 | Create | Villager (Male) |
| 15:24 | Research | Double-Bit Axe |
| 15:58 | Research | Horse Collar |
| 16:10 | Create | Villager (Male) |
| 16:20 | Build | Mining Camp |
| 16:36 | Create | Villager (Male) |
| 16:39 | Build | Farm |
| 16:46 | Build | Farm |
| 16:50 | Build | Farm |
| 17:01 | Create | Scout Cavalry |
| 17:02 | Create | Scout Cavalry |
| 17:09 | Create | Villager (Male) |
| 17:33 | Build | Farm |
| 17:41 | Build | Farm |
| 17:45 | Build | Farm |
| 17:48 | Build | Farm |
| 17:51 | Build | Farm |
| 17:53 | Build | Farm |
| 17:56 | Build | Farm |
| 17:59 | Create | Villager (Male) |
| 18:07 | Build | House |
| 18:23 | Create | Villager (Male) |
| 18:40 | Build | House |
| 18:50 | Build | Market |
| 19:06 | Build | Mill |
| 19:13 | Create | Villager (Male) |
| 19:24 | Create | Scout Cavalry |
| 19:25 | Create | Scout Cavalry |
| 19:25 | Create | Scout Cavalry |
| 20:40 | Research | Bloodlines |
| 20:40 | Create | Scout Cavalry |
| 20:40 | Create | Scout Cavalry |
| 21:08 | Create | Villager (Male) |
| 21:08 | Create | Villager (Male) |
| 21:08 | Create | Villager (Male) |
| 21:17 | Build | Blacksmith |
| 21:30 | Build | Archery Range |
| 21:34 | Create | Villager (Male) |
| 21:34 | Create | Villager (Male) |
| 22:13 | Create | Scout Cavalry |
| 22:13 | Create | Scout Cavalry |
| 22:14 | Create | Scout Cavalry |
| 22:36 | Build | House |
| 22:38 | Build | House |
| 22:48 | Research | Forging |
| 25:50 | Research | Castle Age |
| 26:48 | Build | House |
| 26:50 | Build | House |
| 27:32 | Create | Scout Cavalry |
| 27:32 | Create | Scout Cavalry |
| 27:33 | Create | Scout Cavalry |
| 27:36 | Create | Villager (Male) |
| 27:37 | Create | Villager (Male) |
| 27:48 | Build | House |
| 27:59 | Research | Gold Mining |
| 28:00 | Research | Stone Mining |
| 28:40 | Create | Villager (Male) |
| 28:41 | Create | Villager (Male) |
| 28:50 | Build | Town Center |
| 28:57 | Create | Villager (Male) |
| 28:57 | Create | Villager (Male) |
| 28:57 | Create | Villager (Male) |
| 29:27 | Create | Cavalry Archer |
| 29:28 | Create | Cavalry Archer |
| 29:28 | Create | Cavalry Archer |
| 29:28 | Create | Cavalry Archer |
| 29:29 | Create | Cavalry Archer |
| 29:29 | Create | Cavalry Archer |
| 29:29 | Create | Cavalry Archer |
| 29:29 | Create | Cavalry Archer |
| 29:30 | Create | Cavalry Archer |
| 29:30 | Create | Cavalry Archer |
| 29:30 | Create | Cavalry Archer |
| 29:37 | Build | Farm |
| 29:56 | Build | Archery Range |
| 30:02 | Build | Farm |
| 30:03 | Create | Villager (Male) |
| 30:06 | Create | Villager (Male) |
| 30:06 | Create | Villager (Male) |
| 30:13 | Research | Fletching |
| 30:19 | Build | Farm |
| 30:36 | Build | Farm |
| 30:37 | Create | Villager (Male) |
| 30:37 | Create | Villager (Male) |
| 30:45 | Build | Farm |
| 30:54 | Create | Villager (Male) |
| 31:19 | Build | Town Center |
| 31:22 | Build | Farm |
| 31:30 | Build | Farm |
| 31:33 | Build | Farm |
| 31:37 | Build | Farm |
| 32:10 | Create | Villager (Male) |
| 32:19 | Build | Farm |
| 32:23 | Research | Bow Saw |
| 32:26 | Research | Heavy Plow |
| 33:09 | Build | Castle |
| 33:20 | Create | Cavalry Archer |
| 33:20 | Create | Cavalry Archer |
| 33:21 | Create | Cavalry Archer |
| 34:13 | Build | Mining Camp |
Build order — Guanero239691
46 actions detected in the replay
| 1:11 | Build | Town Center |
| 5:26 | Create | Villager (Male) |
| 5:27 | Create | Villager (Male) |
| 5:29 | Create | Villager (Male) |
| 6:32 | Build | Lumber Camp |
| 7:08 | Create | Villager (Male) |
| 7:09 | Create | Villager (Male) |
| 7:10 | Create | Villager (Male) |
| 7:48 | Create | Villager (Male) |
| 9:00 | Build | House |
| 9:04 | Build | House |
| 9:08 | Build | House |
| 9:12 | Build | House |
| 9:15 | Build | House |
| 9:19 | Build | House |
| 9:44 | Create | Villager (Male) |
| 9:45 | Create | Villager (Male) |
| 9:45 | Create | Villager (Male) |
| 9:45 | Create | Villager (Male) |
| 10:44 | Build | Mill |
| 14:41 | Research | Feudal Age |
| 15:22 | Build | Mining Camp |
| 15:32 | Build | Mining Camp |
| 16:21 | Build | Barracks |
| 17:08 | Create | Villager (Male) |
| 17:08 | Create | Villager (Male) |
| 17:08 | Create | Villager (Male) |
| 17:08 | Create | Villager (Male) |
| 17:08 | Create | Villager (Male) |
| 18:11 | Build | Market |
| 18:17 | Create | Villager (Male) |
| 19:42 | Build | Mill |
| 21:15 | Build | Lumber Camp |
| 24:47 | Create | Villager (Male) |
| 24:54 | Create | Villager (Male) |
| 25:36 | Build | Archery Range |
| 26:19 | Build | Mill |
| 26:40 | Research | Castle Age |
| 30:10 | Create | Villager (Male) |
| 30:10 | Create | Villager (Male) |
| 30:10 | Create | Villager (Male) |
| 30:11 | Create | Villager (Male) |
| 30:11 | Create | Villager (Male) |
| 30:11 | Create | Villager (Male) |
| 30:11 | Create | Villager (Male) |
| 33:55 | Build | Castle |
Build order — Genjuro98
103 actions detected in the replay
| 4:29 | Build | Town Center |
| 6:30 | Build | House |
| 6:32 | Build | House |
| 6:33 | Create | Villager (Male) |
| 6:34 | Create | Villager (Male) |
| 6:34 | Create | Villager (Male) |
| 6:34 | Create | Villager (Male) |
| 6:35 | Create | Villager (Male) |
| 8:16 | Create | Villager (Male) |
| 8:17 | Create | Villager (Male) |
| 8:51 | Create | Villager (Male) |
| 9:09 | Create | Villager (Male) |
| 9:09 | Create | Villager (Male) |
| 9:35 | Create | Villager (Male) |
| 9:35 | Create | Villager (Male) |
| 10:09 | Create | Villager (Male) |
| 10:09 | Create | Villager (Male) |
| 10:09 | Create | Villager (Male) |
| 10:31 | Create | Villager (Male) |
| 10:57 | Create | Villager (Male) |
| 10:58 | Create | Villager (Male) |
| 11:09 | Create | Villager (Male) |
| 11:29 | Build | House |
| 11:33 | Build | House |
| 11:47 | Create | Villager (Male) |
| 11:47 | Create | Villager (Male) |
| 11:48 | Create | Villager (Male) |
| 12:33 | Build | Mill |
| 13:20 | Build | Lumber Camp |
| 13:21 | Create | Villager (Male) |
| 13:21 | Create | Villager (Male) |
| 13:49 | Create | Villager (Male) |
| 13:50 | Create | Villager (Male) |
| 14:13 | Create | Villager (Male) |
| 14:14 | Create | Villager (Male) |
| 14:14 | Create | Villager (Male) |
| 15:16 | Create | Villager (Male) |
| 15:16 | Create | Villager (Male) |
| 15:16 | Create | Villager (Male) |
| 15:49 | Build | Mining Camp |
| 17:09 | Research | Feudal Age |
| 17:10 | Research | Loom |
| 17:48 | Build | Farm |
| 17:48 | Build | Farm |
| 17:49 | Build | Farm |
| 17:49 | Build | Farm |
| 17:49 | Build | Farm |
| 17:50 | Build | Farm |
| 17:53 | Build | Farm |
| 17:54 | Build | Farm |
| 18:44 | Build | Mining Camp |
| 18:56 | Build | Lumber Camp |
| 19:19 | Age | Feudal Age |
| 20:20 | Build | Blacksmith |
| 20:27 | Build | Market |
| 21:10 | Build | Barracks |
| 21:52 | Research | Castle Age |
| 22:03 | Build | House |
| 22:04 | Build | House |
| 22:44 | Build | Stable |
| 22:57 | Research | Forging |
| 23:59 | Research | Double-Bit Axe |
| 24:32 | Age | Castle Age |
| 24:40 | Build | Town Center |
| 24:49 | Research | Husbandry |
| 25:01 | Create | Villager (Male) |
| 25:04 | Create | Villager (Male) |
| 25:45 | Research | Wheelbarrow |
| 26:04 | Build | Town Center |
| 26:17 | Create | Knight |
| 26:49 | Build | Farm |
| 26:50 | Build | Farm |
| 26:52 | Create | Villager (Male) |
| 26:53 | Create | Villager (Male) |
| 27:12 | Create | Villager (Male) |
| 27:33 | Create | Villager (Male) |
| 27:44 | Create | Knight |
| 27:55 | Build | Farm |
| 27:56 | Build | Farm |
| 27:59 | Create | Villager (Male) |
| 28:09 | Create | Villager (Male) |
| 28:56 | Create | Villager (Male) |
| 28:56 | Create | Villager (Male) |
| 28:57 | Create | Villager (Male) |
| 28:59 | Create | Villager (Male) |
| 28:59 | Create | Villager (Male) |
| 29:05 | Build | University |
| 29:41 | Research | Murder Holes |
| 32:17 | Build | Castle |
| 33:49 | Create | Villager (Male) |
| 33:49 | Create | Villager (Male) |
| 33:50 | Create | Villager (Male) |
| 33:53 | Create | Villager (Male) |
| 33:53 | Create | Villager (Male) |
| 33:53 | Create | Villager (Male) |
| 33:54 | Create | Villager (Male) |
| 33:54 | Create | Villager (Male) |
| 34:28 | Build | Town Center |
| 34:33 | Build | Farm |
| 34:42 | Create | Villager (Male) |
| 34:42 | Create | Villager (Male) |
| 34:42 | Create | Villager (Male) |
| 34:43 | Create | Villager (Male) |
Build order — Elvegetal777852
67 actions detected in the replay
| 0:41 | Build | Town Center |
| 2:08 | Build | House |
| 2:16 | Build | House |
| 2:37 | Create | Villager (Male) |
| 2:37 | Create | Villager (Male) |
| 2:38 | Create | Villager (Male) |
| 2:39 | Create | Villager (Male) |
| 4:08 | Create | Villager (Male) |
| 5:11 | Build | Lumber Camp |
| 5:15 | Create | Villager (Male) |
| 5:16 | Create | Villager (Male) |
| 7:50 | Create | Villager (Male) |
| 7:50 | Create | Villager (Male) |
| 8:50 | Build | Mill |
| 9:05 | Create | Villager (Male) |
| 9:41 | Create | Villager (Male) |
| 9:42 | Create | Villager (Male) |
| 10:59 | Research | Feudal Age |
| 11:21 | Build | House |
| 11:22 | Build | House |
| 12:11 | Build | Barracks |
| 13:14 | Build | Stable |
| 13:58 | Build | Lumber Camp |
| 14:34 | Build | Farm |
| 14:48 | Build | Farm |
| 15:12 | Research | Bloodlines |
| 15:18 | Create | Villager (Male) |
| 15:19 | Create | Villager (Male) |
| 15:19 | Create | Villager (Male) |
| 15:19 | Create | Villager (Male) |
| 15:19 | Create | Villager (Male) |
| 15:40 | Create | Scout Cavalry |
| 15:40 | Create | Scout Cavalry |
| 15:40 | Create | Scout Cavalry |
| 15:41 | Create | Scout Cavalry |
| 15:44 | Create | Scout Cavalry |
| 15:52 | Build | Mining Camp |
| 17:36 | Build | Market |
| 18:32 | Build | House |
| 18:35 | Build | House |
| 18:37 | Build | House |
| 22:08 | Build | Farm |
| 22:16 | Create | Villager (Male) |
| 22:17 | Create | Villager (Male) |
| 22:17 | Create | Villager (Male) |
| 22:17 | Create | Villager (Male) |
| 23:11 | Create | Spearman |
| 23:12 | Create | Spearman |
| 23:12 | Create | Spearman |
| 23:12 | Create | Spearman |
| 24:40 | Create | Militia |
| 24:40 | Create | Militia |
| 24:40 | Create | Militia |
| 24:40 | Create | Militia |
| 24:41 | Create | Militia |
| 25:26 | Build | Farm |
| 25:31 | Build | Farm |
| 26:35 | Build | Farm |
| 27:50 | Research | Man-at-Arms (upgrade) |
| 28:17 | Create | Spearman |
| 28:17 | Create | Spearman |
| 28:18 | Create | Spearman |
| 28:18 | Create | Spearman |
| 29:57 | Build | Palisade Wall |
| 30:01 | Build | Palisade Wall |
| 30:03 | Build | Palisade Wall |
| 31:20 | Build | Watch Tower |
Match timeline
| 12:11 | Elvegetal777852 · first_building Barracks |
| 12:34 | superflas007z · first_building Barracks |
| 13:14 | Elvegetal777852 · first_building Stable |
| 14:23 | Twixxo · first_building Barracks |
| 15:15 | superflas007z · first_building Stable |
| 16:21 | Guanero239691 · first_building Barracks |
| 18:39 | Twixxo · age_up feudal |
| 19:19 | Genjuro98 · age_up feudal |
| 20:38 | Twixxo · first_building Archery Range |
| 21:01 | JuanMMD2007 · first_building Barracks |
| 21:10 | Genjuro98 · first_building Barracks |
| 21:30 | superflas007z · first_building Archery Range |
| 22:44 | Genjuro98 · first_building Stable |
| 23:36 | Twixxo · wall_segment Stone Wall x5 |
| 23:53 | Twixxo · wall_segment Stone Wall x4 |
| 23:59 | Twixxo · wall_segment Stone Wall x1 |
| 23:59 | Twixxo · wall_segment Stone Wall x1 |
| 24:31 | Twixxo · wall_segment Stone Wall x4 |
| 24:32 | Genjuro98 · age_up castle |
| 24:50 | JuanMMD2007 · first_building Stable |
| 25:36 | Guanero239691 · first_building Archery Range |
| 26:44 | Twixxo · wall_segment Stone Wall x7 |
| 28:11 | Twixxo · wall_segment Stone Wall x3 |
| 28:14 | Twixxo · wall_segment Stone Wall x6 |
| 28:32 | Guanero239691 · tribute_sent a jugador 1 |
| 28:32 | Guanero239691 · tribute_sent a jugador 2 |
| 28:32 | Guanero239691 · tribute_sent a jugador 3 |
| 28:32 | Guanero239691 · tribute_sent a jugador 5 |
| 28:32 | Guanero239691 · tribute_sent a jugador 6 |
| 28:48 | Guanero239691 · tribute_sent a jugador 1 |
| 28:48 | Guanero239691 · tribute_sent a jugador 2 |
| 28:48 | Guanero239691 · tribute_sent a jugador 3 |
| 28:48 | Guanero239691 · tribute_sent a jugador 5 |
| 28:48 | Guanero239691 · tribute_sent a jugador 6 |
| 29:15 | JuanMMD2007 · first_market_buy 100 food |
| 29:20 | Twixxo · wall_segment Stone Wall x3 |
| 29:44 | Twixxo · first_market_sell 100 wood |
| 29:45 | Twixxo · first_market_buy 100 food |
| 29:53 | Genjuro98 · first_market_buy 100 stone |
| 29:57 | Elvegetal777852 · wall_segment Palisade Wall x4 |
| 30:01 | Elvegetal777852 · wall_segment Palisade Wall x5 |
| 30:03 | Elvegetal777852 · wall_segment Palisade Wall x1 |
| 30:12 | Twixxo · wall_segment Stone Wall x6 |
| 30:26 | Twixxo · first_building Stable |
| 32:07 | superflas007z · first_market_buy 100 wood |
| 32:17 | Genjuro98 · first_building Castle |
| 32:20 | Twixxo · wall_segment Stone Wall x9 |
| 32:26 | Twixxo · age_up castle |
| 33:09 | superflas007z · first_building Castle |
| 33:11 | Twixxo · first_building Castle |
| 33:35 | Elvegetal777852 · resign |
| 33:55 | Guanero239691 · first_building Castle |
| 33:59 | Twixxo · wall_segment Stone Wall x9 |
| 34:44 | Twixxo · first_building Monastery |
[ AI ANALYSIS · 1 CREDIT ]
What really happened in this match?
Wolo.gg analyzes every decision: build order, eco, micro, common mistakes by bracket. Personalized analysis on WhatsApp or Discord in 30 seconds.
Civ guide
Teutons
Perfil
Jugador #15486993